[Event "*** SCC Grand Prix: Titled Tuesday Blitz"]
[Site "Chess.com"]
[Date "2020.06.23"]
[Round "9"]
[White "Angel_Hranitel_37"]
[Black "vovachesss"]
[Result "0-1"]
[WhiteElo "2419"]
[BlackElo "2583"]
[TimeControl "180+1"]
[EndTime "11:46:38 PDT"]
[Termination "vovachesss won by checkmate"]

1. d4 Nf6 2. Nf3 e6 3. g3 c5 4. Bg2 cxd4 5. Nxd4 Nc6 6. O-O d5 7. c4 Bc5 8. Be3 Nxd4 9. Bxd4 Qb6 10. Bxc5 Qxc5 11.
cxd5 Nxd5 12. Nd2 O-O 13. Qb3 Nf6 14. Rac1 Qh5 15. Nc4 Rb8 16. Qf3 Qg5 17. h4 Qb5 18. Qb3 Bd7 19. Rfd1 Qxb3 20. axb3 Bb5 21. Kf1 b6 22.
Nd6 Bd7 23. Rc7 a5 24. Bf3 e5 25. Nc4 Be6 26. Nxe5 Bxb3 27. Nc6 Bxd1 28. Nxb8 Rxb8 29. Rc3 a4 30. Bc6 Bb3 31. e4 Kf8 32. Ke2 b5 33. f4 b4 34. Rc1 a3 35. bxa3 bxa3 36. Ra1 a2 37. Kd2 Rb6 38. Ba8 Be6 39. f5 Rb1 40. Rxa2 Bxa2 41. e5 Ng4 42. Be4 Nxe5 43. Bxb1 Bxb1 44. f6 gxf6 45. Ke3 Kg7 46. Kf4 Kg6 47.
g4 Nxg4 48. Kxg4 h5+ 49. Kf4 Bc2 50. Ke3 Kf5 51. Kf3 Bb1 52. Kg3 Ke4 53. Kh3 Kf4 54.
Kg2 Kg4 55. Kf2 Kxh4 56. Kf3 Kh3 57. Kf4 h4 58. Kf3 Kh2 59. Kf2 h3 60. Kf1 Bd3+ 61. Kf2 Bc4 62. Kf3 Kg1 63. Kg3 h2 64. Kg4 h1=Q 65. Kf5 Qf3# 0-1

[Event "*** SCC Grand Prix: Titled Tuesday Blitz"]
[Site "Chess.com"]
[Date "2020.06.23"]
[Round "9"]
[White "GregShahade"]
[Black "Yuri202062"]
[Result "1-0"]
[WhiteElo "2568"]
[BlackElo "2410"]
[TimeControl "180+1"]
[EndTime "11:46:39 PDT"]
[Termination "GregShahade won on time"]

1. e4 c5 2. Nf3 e6 3. d4 cxd4 4. Nxd4 a6 5. Nc3 d6 6. Bd3 Nf6 7. O-O Nbd7 8. a4 b6 9. f4 Bb7 10. Qe2 Rc8 11. Kh1 Be7 12. Bd2 O-O 13. Rae1 Nc5 14. Nf3 Nfd7 15. b4 Nxd3 16. cxd3 Re8 17. Qf2 Bf8 18. Qg3 Nf6 19. Rc1 Qd7 20. Nd4 g6 21. f5 Bg7 22. fxe6 fxe6 23. Nce2 Qxa4 24. Qxd6 Qd7 25. Qxb6 e5 26. Rxc8 Bxc8 27. Bg5 Nxe4 28.
dxe4 exd4 29. Ng3 d3 30. Rd1 h6 31. Be3 Kh7 32. h3 Re6 33. Qa5 Rc6 34. Qa3 Rc3 35.
Qa2 Bb7 36. Qf2 Qe6 37. Qf3 d2 38. Ne2 Rd3 39. Nf4 Qxe4 40. Qxe4 Bxe4 41. Nxd3 Bxd3 42.
Rxd2 Bb5 43. Rd6 Bc3 44. Bc5 Kg7 45. Rb6 Kf7 46. Rd6 1-0

[Event "*** SCC Grand Prix: Titled Tuesday Blitz"]
[Site "Chess.com"]
[Date "2020.06.23"]
[Round "9"]
[White "RianKapriaga"]
[Black "TheLawAdv"]
[Result "0-1"]
[WhiteElo "2160"]
[BlackElo "2026"]
[TimeControl "180+1"]
[EndTime "11:46:39 PDT"]
[Termination "TheLawAdv won on time"]

1. d4 d5 2. Nf3 e6 3. Bf4 Bd6 4. e3 Nf6 5. Nbd2 O-O 6. Bd3 Bxf4 7. exf4 c5 8. c3 Nc6 9. O-O cxd4 10. Nxd4 Qb6 11.
N2b3 Nxd4 12. cxd4 a5 13. Rb1 a4 14. Nc5 Qc6 15.
b4 b6 16. b5 Qc7 17. Nxa4 Bd7 18. g3 Qa7 19. Nc3 Rfc8 20. Qb3 Qa3 21. Ne2 Qxa2 22. Qxa2 Rxa2 23. Rfc1 Rxc1+ 24. Rxc1 Kf8 25. Rc7 Ke7 26. Kg2 Kd6 27. Rc3 Rb2 28. h3 Bxb5 29. Bxb5 Rxb5 30. Nc1 Ne4 31. Rc2 Rb4 32. Ne2 Rc4 33. Rb2 Kc6 34. f3 Nd6 35. Kf2 b5 36. Rb1 b4 37. Ke3 Nb5 38.
Kd2 Nxd4 39. Nxd4+ Rxd4+ 40. Ke3 Rc4 41. Kd3 Kc5 42.
Ke2 d4 43. Kd3 Rc3+ 44. Ke2 Kc4 45. g4 b3 46. Kd2 Rc2+ 47. Kd1 d3 0-1

[Event "*** SCC Grand Prix: Titled Tuesday Blitz"]
[Site "Chess.com"]
[Date "2020.06.23"]
[Round "9"]
[White "Andreikka"]
[Black "BillieKimbah"]
[Result "1/2-1/2"]
[WhiteElo "2949"]
[BlackElo "2879"]
[TimeControl "180+1"]
[EndTime "11:46:40 PDT"]
[Termination "Game drawn by repetition"]

1. c4 Nf6 2. Nc3 c5 3. Nf3 e6 4. g3 d5 5. cxd5 exd5 6. d4 Nc6 7. Bg2 cxd4 8. Nxd4 Bc5 9. Nb3 Bb6 10. O-O d4 11.
Na4 O-O 12. Bg5 Re8 13. Re1 h6 14. Bxf6 Qxf6 15. Nxb6 axb6 16. Bxc6 bxc6 17. Qxd4 Qxd4 18. Nxd4 c5 19. Nb5 Rd8 20. Rad1 Bd7 21. Nc3 b5 22. a3 Kf8 23. Ne4 Rac8 24. Rd5 Bc6 25. Rxd8+ Rxd8 26. Nxc5 Rd2 27. b4 Ra2 28. f3 Rxa3 29. Rd1 Ke7 30. Kf2 Ra2 31. Rd4 Rb2 32. h4 h5 33. Nd3 Ra2 34. Nf4 g6 35. Nd3 Rc2 36. Ke3 Ra2 37. Nc5 Rb2 38. Nd3 Ra2 39. Ne5 Be8 40. Kf2 Rb2 41.
Nd3 Ra2 42. Re4+ Kf8 43. Re5 Bd7 44. Rc5 Ke7 45. Nf4 Kd6 46. Rd5+ Ke7 47. Nd3 Bc6 48. Rc5 Kd6 49. Ke3 Bd7 50. Ne5 Be8 51. Nd3 Bd7 52.
Nf4 Bc6 53. Nd3 Bd7 1/2-1/2

[Event "*** SCC Grand Prix: Titled Tuesday Blitz"]
[Site "Chess.com"]
[Date "2020.06.23"]
[Round "9"]
[White "aNaartjieZA"]
[Black "eightbyeightchess"]
[Result "0-1"]
[WhiteElo "2550"]
[BlackElo "2423"]
[TimeControl "180+1"]
[EndTime "11:46:40 PDT"]
[Termination "eightbyeightchess won by resignation"]

1. e4 d5 2. exd5 Nf6 3. Nc3 Nxd5 4. Bc4 Nb6 5. Bb3 Nc6 6. Nf3 Bf5 7. d3 e6 8. O-O Be7 9. a3 O-O 10. Bd2 Nd4 11.
Nxd4 Qxd4 12. Be3 Qf6 13. Qf3 c6 14. a4 Nd5 15. Bd2 Qg6 16. Nxd5 cxd5 17. Bc3 Rac8 18. Bd4 Bf6 19. Bxa7 Bxb2 20. Rab1 Be5 21. h3 h5 22. Be3 h4 23. Bf4 Bxf4 24. Qxf4 Qf6 25. Rfe1 g5 26. Qe5 Qxe5 27. Rxe5 Rc3 28. Kh2 Rd8 29. g4 hxg3+ 30. fxg3 f6 31. Re2 Kf7 32. Rbe1 Rh8 33. Kg1 Rxh3 34.
Kg2 g4 35. Rf2 Bxd3 36. cxd3 Rxb3 37. Ref1 Rxd3 38. Rxf6+ Ke7 39. Rf7+ Kd6 40. Rb1 Rhxg3+ 41. Kh2 Rh3+ 42. Kg2 Rd2+ 43. Kg1 Rg3+ 44. Kh1 Rf3 45. Rg7 g3 46. Kg1 Ke5 47. Rbxb7 Ra3 48. Rb1 Rxa4 49. Rxg3 Raa2 50. Re1+ Kd6 51. Rg6 Re2 52. Rd1 Rad2 53. Rf1 d4 54. Rf8 Rd1+ 55. Rf1 Rxf1+ 56.
Kxf1 Re5 57. Rg8 Kd5 58. Rd8+ Kc4 59. Rc8+ Kd3 60. Rd8 Re4 61. Rd6 e5 62. Kf2 Re3 63. Rd5 e4 64. Ra5 Re2+ 65. Kf1 Rc2 66. Ra3+ Rc3 67.
Ra2 e3 68. Ra8 Rc1+ 69. Kg2 Rc2+ 70. Kf3 Rf2+ 71. Kg3 Rf7 72. Ra3+ Ke4 73. Ra8 e2 74. Re8+ Kd3 75. Kg2 Kd2 76. Re4 d3 77. Re3 Kxe3 0-1

[Event "*** SCC Grand Prix: Titled Tuesday Blitz"]
[Site "Chess.com"]
[Date "2020.06.23"]
[Round "9"]
[White "czasnaszachy"]
[Black "dodorox"]
[Result "1-0"]
[WhiteElo "2247"]
[BlackElo "2047"]
[TimeControl "180+1"]
[EndTime "11:46:41 PDT"]
[Termination "czasnaszachy won on time"]

1. d4 Nf6 2. c4 e6 3. Nc3 d5 4. Nf3 Bb4 5. Bg5 h6 6. Bxf6 Qxf6 7. e3 O-O 8. Be2 dxc4 9. Bxc4 Nd7 10. O-O Qe7 11.
a3 Bd6 12. Ba2 c6 13. Rc1 e5 14. dxe5 Nxe5 15. Nxe5 Qxe5 16. g3 Bh3 17. Re1 Rad8 18. Qf3 h5 19. Red1 Bg4 20. Qg2 Bxd1 21. Rxd1 Bxa3 22.
bxa3 Qxc3 23. Rb1 Qc2 24. Ra1 Qb2 25. Qf1 Rd2 26. Bc4 Rxf2 27. Qxf2 Qxa1+ 28. Kg2 Qf6 29. Qe2 Qe5 30. Bd3 b5 31. Bb1 a6 32. Qc2 g6 33.
Qxc6 Qxe3 34. Bxg6 Qd2+ 35. Kh3 Qh6 36. Bxf7+ Kg7 37.
Be6 Qf6 38. Qd7+ Kh6 39. Qd2+ Kg7 40. Qd7+ Kh8 41. Qd5 Re8 42. Qxh5+ Kg7 43. Qxe8 Qh6+ 44. Kg2 Qd2+ 45. Kf3 Qd3+ 46. Kf4 Qd4+ 47. Kg5 Qf6+ 48. Kg4 Qd4+ 49. Kh3 1-0

[Event "*** SCC Grand Prix: Titled Tuesday Blitz"]
[Site "Chess.com"]
[Date "2020.06.23"]
[Round "9"]
[White "SergeyKarjakin"]
[Black "Grandelicious"]
[Result "1-0"]
[WhiteElo "2953"]
[BlackElo "2789"]
[TimeControl "180+1"]
[EndTime "11:46:42 PDT"]
[Termination "SergeyKarjakin won by resignation"]

1. e4 c5 2. Ne2 Nf6 3. Nbc3 d6 4.
g3 Nc6 5. Bg2 e6 6. d4 cxd4 7.
Nxd4 Bd7 8. Nb3 Be7 9. O-O O-O 10. f4 a6 11. g4 b5 12. g5 Ne8 13. Be3 Nc7 14. h4 a5 15. a4 bxa4 16. Nxa4 Rb8 17. Nb6 d5 18. Nxd7 Qxd7 19. f5 exf5 20. exf5 Rfe8 21.
Qh5 Bd6 22. Bd2 Re5 23. Nxa5 Nd4 24. Rf2 Rxf5 25. Bh3 Rxf2 26. Bxd7 Rxd2 27. Re1 Nxc2 28. Rf1 Rf8 29. Nc6 Ne3 30. Re1 Bc5 31. Kh1 Ne6 32. b4 Bb6 33. Bxe6 fxe6 34. Ne7+ Kh8 35. Ng6+ Kg8 36. Nxf8 Kxf8 37. Qf3+ Nf5 38. Rxe6 Rf2 39.
Qa3 Rf1+ 40. Kg2 Rf2+ 41. Kh3 Kf7 42. Rxb6 Nd4 43. Qa7+ 1-0

[Event "*** SCC Grand Prix: Titled Tuesday Blitz"]
[Site "Chess.com"]
[Date "2020.06.23"]
[Round "9"]
[White "JiiHart"]
[Black "winniethepooh04"]
[Result "0-1"]
[WhiteElo "2147"]
[BlackElo "2133"]
[TimeControl "180+1"]
[EndTime "11:46:42 PDT"]
[Termination "winniethepooh04 won on time"]

1. e4 c5 2. Nf3 d6 3. d4 cxd4 4. Nxd4 Nf6 5. Nc3 a6 6. Bg5 e6 7. f4 Be7 8. Qf3 Qc7 9. O-O-O Nc6 10. g4 Bd7 11. Bg2 Nxd4 12. Rxd4 Bc6 13. Qe2 b5 14. Rhd1 O-O 15. Kb1 Rfc8 16. e5 dxe5 17. fxe5 Nd5 18. Nxd5 Bxd5 19. Bxe7 Bxg2 20. Qxg2 Qxe7 21. Rd7 Qg5 22.
Qd2 Qh4 23. h3 h6 24. Qf4 Rf8 25. Rf1 f5 26. gxf5 Rxf5 27. Qc1 Qxh3 28. Rg1 Rf7 29. Rxf7 Kxf7 30. Qf4+ Kg8 31. a3 Rf8 32. Qxh6 Qxh6 33. Ka2 Qe3 34. Rd1 Qxe5 35. Rd3 Qc5 36. Rc3 Qd5+ 37. b3 Qd4 38. Rd3 Qe5 39. b4 Rf1 40. c3 Qe2+ 41. Kb3 Qxd3 42. a4 Rb1+ 0-1

[Event "*** SCC Grand Prix: Titled Tuesday Blitz"]
[Site "Chess.com"]
[Date "2020.06.23"]
[Round "9"]
[White "JoliyRoger"]
[Black "Unknown_IM"]
[Result "1-0"]
[WhiteElo "2293"]
[BlackElo "2362"]
[TimeControl "180+1"]
[EndTime "11:46:43 PDT"]
[Termination "JoliyRoger won by checkmate"]

1. Nf3 Nf6 2. c4 d5 3. cxd5 Nxd5 4. d4 Nc6 5. e4 Nf6 6. Nc3 Bg4 7. d5 Ne5 8. Be2 Bxf3 9. Bxf3 Nxf3+ 10. Qxf3 Nd7 11. O-O g6 12. Bf4 Bg7 13. Qg3 c6 14.
Rad1 O-O 15. Qh3 c5 16. Rfe1 Ne5 17. Qg3 Nc4 18. b3 Nd6 19. e5 Nf5 20. Qd3 Qa5 21.
g4 Nd4 22. Ne4 Rfd8 23. d6 exd6 24. exd6 b6 25. a4 Rd7 26. Kg2 Rad8 27. f3 b5 28. axb5 Qb6 29. Qc4 Rc8 30. b4 Ne6 31. bxc5 Nxc5 32.
Nxc5 Rxc5 33. Re8+ Bf8 34. Bh6 Rd8 35. Rxd8 Qxd8 36. Qxc5 Bxh6 37. d7 Bf8 38. Qc8 Be7 39. Re1 Kg7 40. Qxd8 Bxd8 41. Re8 Bb6 42. d8=Q Bxd8 43.
Rxd8 Kf6 44. Ra8 Ke5 45. Rxa7 Kd6 46. Rxf7 Kc5 47. Rxh7 Kxb5 48. Rg7 Kc5 49. Rxg6 Kd4 50. f4 Ke4 51. f5 Kf4 52. h4 Ke5 53. h5 Kf4 54. h6 Ke5 55. h7 Kf4 56. h8=Q Ke3 57. Qe8+ Kd3 58. f6 Kd4 59. f7 Kd5 60. f8=Q Kd4 61.
Rd6+ Kc4 62. Qc8+ Kb4 63. Qf7 Ka4 64. Qa7+ Kb4 65. Rb6# 1-0

[Event "*** SCC Grand Prix: Titled Tuesday Blitz"]
[Site "Chess.com"]
[Date "2020.06.23"]
[Round "9"]
[White "MartinMatthiesen"]
[Black "dosto07"]
[Result "0-1"]
[WhiteElo "2320"]
[BlackElo "2182"]
[TimeControl "180+1"]
[EndTime "11:46:43 PDT"]
[Termination "dosto07 won on time"]

1. d4 d5 2. Nf3 Nf6 3. c4 dxc4 4. e3 e6 5. Bxc4 c5 6. O-O a6 7. b3 cxd4 8. Nxd4 Bd7 9. Nd2 Nc6 10. N2f3 Be7 11.
Bb2 O-O 12. Rc1 Rc8 13. Rc2 Qa5 14. Nxc6 Bxc6 15. Bc3 Qh5 16. Ne5 Qxd1 17. Rxd1 Be4 18. Bd3 Bxd3 19. Nxd3 Nd5 20. Rdc1 Ba3 21. Bb2 Rxc2 22.
Rxc2 Bxb2 23. Nxb2 Rd8 24. Kf1 Nb4 25. Rc7 Nxa2 26.
Rxb7 h6 27. Nc4 Nc1 28. Rb6 Rd3 29. g3 Nxb3 30. Rxa6 Nd2+ 31. Ke2 Nxc4 32. Kxd3 Ne5+ 33. Ke4 Nd7 34. Ra8+ Kh7 35. Ra7 Nf6+ 36. Kf3 Kg6 37.
g4 h5 38. h3 hxg4+ 39. hxg4 Nh7 40. Kg3 e5 41. f4 exf4+ 42. exf4 f6 43. f5+ Kh6 44.
Ra8 Kg5 45. Rg8 Kh6 46. Kh4 g5+ 47. fxg6 Ng5 48. Kg3 Ne6 0-1

[Event "*** SCC Grand Prix: Titled Tuesday Blitz"]
[Site "Chess.com"]
[Date "2020.06.23"]
[Round "9"]
[White "aa175"]
[Black "MaxVavulin"]
[Result "0-1"]
[WhiteElo "2400"]
[BlackElo "2552"]
[TimeControl "180+1"]
[EndTime "11:46:45 PDT"]
[Termination "MaxVavulin won by checkmate"]

1. d4 g6 2. Bf4 Bg7 3. e3 d6 4.
Nf3 Nd7 5. Bc4 e5 6. dxe5 dxe5 7. Bg5 f6 8. Bh4 Nh6 9. Nc3 Nf5 10. Bg3 Nb6 11.
Qxd8+ Kxd8 12. O-O-O+ Ke7 13. Bb3 Bd7 14. e4 Nxg3 15.
hxg3 c6 16. Rh4 a5 17. a3 a4 18. Ba2 Nc8 19. g4 g5 20. Rh2 Bxg4 21. Rdh1 h6 22. Nd1 Nd6 23. Ne3 Bd7 24. Nd2 f5 25. f3 Rad8 26.
g4 f4 27. Nf5+ Bxf5 28. gxf5 Kf6 29. Rh5 Bf8 30. Nf1 Ne8 31. Nh2 Kg7 32. Ng4 Nf6 33.
Rxh6 Rxh6 34. Rxh6 Nxg4 35. Rg6+ Kh7 36. fxg4 f3 37. Bc4 Rd4 38. Bf1 Rxe4 39. Kd2 Rxg4 40.
Rf6 Bc5 41. Rf7+ Kh6 42. Rf6+ Kh5 43. Bc4 Rxc4 44. Kd3 Rd4+ 45. Ke3 Rf4+ 46. Kd2 f2 47. Rf8 f1=Q 48. Rh8+ Kg4 49. Kc3 Rf3+ 50. Kd2 Qf2+ 51. Kc1 Qg1+ 52. Kd2 Rf2+ 53. Kc3 Qe1+ 54. Kc4 Rxc2+ 55.
Kd3 Qe2# 0-1

[Event "*** SCC Grand Prix: Titled Tuesday Blitz"]
[Site "Chess.com"]
[Date "2020.06.23"]
[Round "9"]
[White "Guenplen"]
[Black "Maghalashvili"]
[Result "1/2-1/2"]
[WhiteElo "2924"]
[BlackElo "2811"]
[TimeControl "180+1"]
[EndTime "11:46:46 PDT"]
[Termination "Game drawn by repetition"]

1. d4 Nf6 2. Bf4 d5 3. e3 e6 4.
Nd2 c5 5. c3 Nc6 6. Ngf3 Bd6 7.
Bg3 O-O 8. Bd3 Qe7 9. Ne5 Nd7 10. Nxd7 Qxd7 11. dxc5 Bxc5 12. O-O b6 13. Qe2 Bb7 14. Rad1 f5 15. Nf3 Qe7 16. Ne5 Nxe5 17. Bxe5 Bd6 18. Bxd6 Qxd6 19. Bc2 Qc7 20. Rd2 a5 21. Rfd1 Ba6 22. Bd3 Bxd3 23. Rxd3 b5 24. Rd4 Qc6 25. h3 Rab8 26. Qf3 Rfc8 27. a3 Qe8 28. g4 fxg4 29. hxg4 Rc4 30. Kg2 Qf7 31. Qg3 Rf8 32. R1d3 e5 33. Rxc4 bxc4 34. Rd2 Qe6 35. f3 Rb8 36. e4 dxe4 37. fxe4 Rf8 38. Rf2 Rxf2+ 39. Kxf2 Qb6+ 40. Kf1 Qf6+ 41. Ke2 Qg5 42. Qf3 Qc1 43. Qf5 Qxb2+ 44. Kf1 Qc1+ 45. Kg2 Qd2+ 46. Kg1 Qe1+ 47. Kg2 Qd2+ 48. Kg1 Qxc3 49. Qe6+ Kf8 50. Qd6+ Kf7 51. Qd7+ Kf6 52. Qf5+ Ke7 53. Qg5+ Kd6 54. Qd8+ Kc5 55.
Qd5+ Kb6 56. Qd6+ Kb5 57. Qd7+ Kb6 58. Qd6+ Kb7 59. Qd7+ Kb6 60. Qd6+ 1/2-1/2

[Event "*** SCC Grand Prix: Titled Tuesday Blitz"]
[Site "Chess.com"]
[Date "2020.06.23"]
[Round "9"]
[White "mamey78"]
[Black "Savva09022009"]
[Result "1/2-1/2"]
[WhiteElo "2347"]
[BlackElo "2445"]
[TimeControl "180+1"]
[EndTime "11:46:46 PDT"]
[Termination "Game drawn by repetition"]

1. e4 c5 2. Nf3 Nc6 3. c3 Nf6 4. e5 Nd5 5. d4 Nb6 6. dxc5 e6 7. cxb6 Qxb6 8. Bd3 Be7 9. O-O O-O 10. Qe2 d5 11. exd6 Bxd6 12. Bxh7+ Kxh7 13. Qd3+ Kg8 14. Qxd6 e5 15. Be3 Qxb2 16. Nbd2 Qxc3 17. Rac1 Qa5 18. Nc4 Qxa2 19. Ncxe5 Nxe5 20. Qxe5 Be6 21. Rc7 Rab8 22. Ra1 Rfd8 23. h3 Qe2 24. Bd4 Qxe5 25. Bxe5 f6 26.
Bf4 a6 27. Rb1 Bd5 28. Re1 Rbc8 29. Rxc8 Rxc8 30. Nd4 b5 31. Nf5 Rd8 32. Re7 Bf7 33. Nd6 Bd5 34. Ra7 b4 35. Rxa6 b3 36. Rb6 g5 37.
Be3 b2 38. Bc5 Kg7 39. Rxb2 Kg6 40. g4 Bf3 41. Rb1 Rh8 42. Rb3 Rxh3 43. Rxf3 Rxf3 44. Be3 Rh3 45. Kg2 Rh8 46. Ne4 Re8 47. Kf3 Rd8 48.
Bd2 Rd3+ 49. Be3 Rd8 50. Bd2 Rd3+ 51. Be3 Rd8 1/2-1/2

[Event "*** SCC Grand Prix: Titled Tuesday Blitz"]
[Site "Chess.com"]
[Date "2020.06.23"]
[Round "9"]
[White "vladislavkovalev"]
[Black "Chepaschess"]
[Result "1/2-1/2"]
[WhiteElo "2921"]
[BlackElo "2860"]
[TimeControl "180+1"]
[EndTime "11:46:47 PDT"]
[Termination "Game drawn by repetition"]

1. e4 c5 2. Be2 Nc6 3. d3 g6 4. f4 Bg7 5. Nf3 e6 6. c3 Nge7 7. Be3 b6 8. d4 cxd4 9. cxd4 d5 10. e5 O-O 11. O-O f6 12. exf6 Bxf6 13. Nc3 Nf5 14. Bf2 Bg7 15. Rc1 Bd7 16. Qd2 Nd6 17. Bd3 Rc8 18.
Ne5 Nxe5 19. fxe5 Nc4 20. Qe2 Bh6 21. Rc2 Qg5 22. Nd1 b5 23. b3 a5 24. h3 a4 25.
g3 axb3 26. axb3 Ra8 27. Kg2 Qe7 28. Be1 Rxf1 29. Kxf1 Rf8+ 30. Kg2 Qa3 31. Ra2 Qxb3 32. Ra7 Rf7 33. Nf2 Ne3+ 34. Kh2 Kg7 35. Ra8 Bc6 36.
Ra6 Bd7 37. Ra8 Bg5 38. h4 Bh6 39. Ra7 Nf5 40. Bxf5 gxf5 41. Nd3 Qc4 42. Bd2 Qxd4 43. Bxh6+ Kxh6 44. Qd2+ Kg7 45. Qg5+ Kf8 46. Ra8+ Be8 47. Qh6+ Ke7 48. Qg5+ Kf8 49. Qh6+ Ke7 50. Nf4 Qf2+ 51.
Kh3 Qf1+ 52. Kh2 Qf2+ 53. Kh3 Qf1+ 54. Kh2 Qf2+ 1/2-1/2

[Event "*** SCC Grand Prix: Titled Tuesday Blitz"]
[Site "Chess.com"]
[Date "2020.06.23"]
[Round "9"]
[White "KazakhFighter04"]
[Black "deribas12345"]
[Result "0-1"]
[WhiteElo "2732"]
[BlackElo "2581"]
[TimeControl "180+1"]
[EndTime "11:46:47 PDT"]
[Termination "deribas12345 won by resignation"]

1. e4 e6 2. d4 d5 3. Bd3 c5 4. exd5 exd5 5. c3 Nc6 6. Nf3 Bd6 7. O-O Nge7 8. dxc5 Bxc5 9. Nbd2 O-O 10. h3 Bb6 11. Nb3 Bf5 12. Re1 Bxd3 13. Qxd3 Ng6 14. Be3 Bxe3 15. Qxe3 Qd7 16. Rad1 Rfe8 17. Qd2 Red8 18. Nfd4 h6 19. Nc5 Qc7 20. Nd3 Nxd4 21. cxd4 Re8 22.
Ne5 Nxe5 23. dxe5 Rxe5 24. Rxe5 Qxe5 25. Qxd5 Qxb2 26. Re1 Rc8 27. g3 Rc1 28. Rxc1 Qxc1+ 29. Kh2 Qc6 30. Qd4 a6 31. a4 b5 32. axb5 axb5 33.
h4 Qc4 34. Qd8+ Kh7 35. Qd7 b4 36. Qf5+ g6 37. Qf6 Qe6 38. Qd4 b3 39. Qc3 Qb6 40. Qb2 Qb4 41. Qf6 Qc4 42. h5 gxh5 43. Qf5+ Kg7 44.
Qxh5 Qd4 45. f4 b2 46. Qg4+ Kf6 47. Qh4+ Kf5 48. Qh5+ Ke4 49. Qe2+ Kd5 50. Qb5+ Kd6 51. Qb8+ Kc5 52. Qc7+ Kb4 53. Qb7+ Kc3 54. Qc7+ Kd2 55. Qa5+ Kc1 56. Qc7+ Kd1 57. Qb7 Kc2 58. Qc6+ Qc3 59. Qe4+ Qd3 60. Qc6+ Kd1 61. Qh1+ Kd2 62. Qg2+ Qe2 0-1

[Event "*** SCC Grand Prix: Titled Tuesday Blitz"]
[Site "Chess.com"]
[Date "2020.06.23"]
[Round "9"]
[White "Susal_De_Silva"]
[Black "jlandaw"]
[Result "0-1"]
[WhiteElo "2383"]
[BlackElo "2544"]
[TimeControl "180+1"]
[EndTime "11:46:47 PDT"]
[Termination "jlandaw won by resignation"]

1. e4 e5 2. Nf3 Nc6 3. Bc4 Bc5 4. d3 Nf6 5. O-O d6 6. c3 Bg4 7. Nbd2 a6 8. h3 Bh5 9. Re1 O-O 10. Nf1 Ba7 11.
Ng3 Bg6 12. Bg5 Na5 13. Bb3 h6 14. Bh4 Nxb3 15. axb3 Re8 16. Nh2 Bh7 17. Ng4 Nxg4 18.
Bxd8 Nxf2 19. Qf3 Nxd3+ 20. Kh2 Nxe1 21. Rxe1 Raxd8 22. Rf1 Rf8 23. Nh5 Bg6 24. Ng3 f6 25. Qg4 Kh7 26. h4 d5 27. exd5 Rxd5 28. h5 Bd3 29.
Rd1 e4 30. Nxe4 Kh8 31. Ng3 c6 32. Re1 Bb8 33. Re7 Rg5 34. Qd7 Rxg3 35. Kg1 Rg5 36.
Re8 Ba7+ 37. Kh2 Rxe8 38. Qxe8+ Kh7 39. Qd7 Bb8+ 40. Kg1 Be4 41. g4 f5 42. Qxb7 Rxg4+ 43. Kf2 Bf4 44. Qxa6 Rg2+ 45. Kf1 Rd2 46. Qc8 Be3 47.
Qe8 Rg2 48. b4 Rg3 49. Ke1 Bd3 50. Qg6+ Rxg6 51. hxg6+ Kxg6 0-1

[Event "*** SCC Grand Prix: Titled Tuesday Blitz"]
[Site "Chess.com"]
[Date "2020.06.23"]
[Round "9"]
[White "StockholmMissile"]
[Black "Harry_Rakkel"]
[Result "0-1"]
[WhiteElo "2440"]
[BlackElo "2572"]
[TimeControl "180+1"]
[EndTime "11:46:48 PDT"]
[Termination "Harry_Rakkel won on time"]

1. d4 Nf6 2. c4 e6 3. Nf3 d5 4.
Bg5 Nbd7 5. e3 c5 6. cxd5 exd5 7. Nc3 c4 8. g3 h6 9. Bxf6 Nxf6 10. Bg2 Be7 11.
O-O O-O 12. Ne5 Bb4 13. a3 Bxc3 14. bxc3 Bf5 15. Qa4 Ne4 16. Qb4 f6 17. Nf3 Rf7 18. Ra2 Qd7 19. Nd2 Re8 20. Nxe4 Bxe4 21. Bxe4 Rxe4 22.
Rb2 h5 23. Qc5 b6 24. Qb5 Qh3 25. Qxd5 f5 26. Rb4 h4 27. Rxc4 hxg3 28. fxg3 Re7 29. Rf3 Kh7 30. Rc8 Qg4 31. Rd8 Re4 32. Kg2 Rfe7 33.
Qg8+ Kh6 34. Qh8+ Kg6 35. Rd6+ R4e6 36. Rxe6+ Rxe6 37. Qh4 Qxh4 38. gxh4 Rc6 39. Rg3+ Kf6 40. e4 fxe4 41. Re3 Rc4 42. Kg3 Kf5 43. h3 Ra4 44.
d5 Rxa3 45. d6 Ra1 46. Re2 Rd1 47. Rf2+ Ke5 48. Rf7 Rxd6 49. Rxa7 Rf6 50. Rb7 Kd5 0-1

[Event "*** SCC Grand Prix: Titled Tuesday Blitz"]
[Site "Chess.com"]
[Date "2020.06.23"]
[Round "9"]
[White "TigrVShlyape"]
[Black "lilleper1"]
[Result "1-0"]
[WhiteElo "2910"]
[BlackElo "2695"]
[TimeControl "180+1"]
[EndTime "11:46:49 PDT"]
[Termination "TigrVShlyape won on time"]

1. d4 Nf6 2. Nf3 e6 3. Bf4 d5 4. e3 Bd6 5. Ne5 O-O 6. Nd2 c5 7. c3 Nc6 8. Bd3 Qc7 9. Ndf3 Nd7 10. Bxh7+ Kxh7 11. Nxd7 Bxd7 12. Ng5+ Kg6 13. Bxd6 Qxd6 14. f4 Rh8 15. Qg4 f5 16. Qg3 Kf6 17. O-O c4 18. Rae1 Rag8 19. e4 dxe4 20. Rxe4 Ke7 21. Re3 Rh6 22.
Rfe1 Qd5 23. h3 Rf6 24. Qh4 Rh6 25. Qg3 Rf8 26. Nf3 Kd8 27. Qxg7 Rhh8 28. Ng5 Rhg8 29. Qh7 Kc8 30. Qh4 Qd6 31. Qf2 Rg6 32. h4 Ne7 33.
Re5 Nd5 34. g3 Nc7 35. Qe2 b5 36. b3 cxb3 37. axb3 Bc6 38. Rc5 Bd5 39. c4 bxc4 40.
bxc4 Bb7 41. Qb2 Qb6 42. Qc3 Kb8 43. Kf2 Rd8 44. Re2 Qd6 45. Rd2 Na6 46. Rb5 Qc6 47. d5 exd5 48. Qe5+ Ka8 49. Rbxd5 Rxd5 50. cxd5 Qc5+ 51.
Qe3 Qc8 52. d6 Qc6 53. d7 Qg2+ 54. Ke1 Qh1+ 55. Ke2 Qg2+ 56. Ke1 Qf1+ 57. Kxf1 1-0

[Event "*** SCC Grand Prix: Titled Tuesday Blitz"]
[Site "Chess.com"]
[Date "2020.06.23"]
[Round "9"]
[White "BogdanBelyakov89"]
[Black "CyberneticLion"]
[Result "1-0"]
[WhiteElo "2585"]
[BlackElo "2463"]
[TimeControl "180+1"]
[EndTime "11:46:50 PDT"]
[Termination "BogdanBelyakov89 won by checkmate"]

1. e4 e5 2. Nf3 Nc6 3. Nc3 Nf6 4.
Be2 d5 5. exd5 Nxd5 6. O-O Nxc3 7. bxc3 Bd6 8. d4 exd4 9. cxd4 O-O 10. Rb1 Rb8 11. Bd3 Bg4 12. c3 Qf6 13. Rb5 Bxf3 14. Qxf3 Qxf3 15. gxf3 Ne7 16. Re1 Ng6 17. Re4 b6 18. Bg5 Rfe8 19. Rb1 f6 20. Bd2 Kf8 21. Rbe1 Nf4 22. Bb5 Nh3+ 23. Kg2 Rxe4 24. fxe4 Ng5 25. f4 Nf7 26. e5 Be7 27. Kf3 Rd8 28. Be3 Nh6 29.
Bd3 f5 30. h3 g6 31. Bc4 Nf7 32. Bb3 Bh4 33. Rd1 Ke7 34. c4 Kf8 35. c5 Be7 36. c6 Ba3 37. d5 Ke7 38. Bf2 h6 39. h4 Bb4 40. Be3 Ba3 41. Rg1 Rg8 42. Rg2 Rg7 43. Bd4 Rg8 44. Bc3 Bc5 45. Re2 g5 46. hxg5 hxg5 47. d6+ cxd6 48. exd6+ Kxd6 49. Bxf7 Rf8 50. Be8 gxf4 51. Kxf4 Kc7 52. Bd7 Bd6+ 53. Be5 a5 54.
Bxd6+ Kxd6 55. Re6+ Kc7 56. Re5 b5 57. Re8 Rxe8 58.
Bxe8 b4 59. Kxf5 a4 60. Ke5 b3 61. a3 b2 62. Bg6 Kxc6 63. Kd4 Kb5 64. Kc3 Kc5 65.
Kxb2 Kc4 66. Be8 Kc5 67. Bxa4 Kb6 68. Bd1 Ka5 69. Kb3 Kb5 70. a4+ Ka5 71. Ka3 Kb6 72. Kb4 Ka6 73. a5 Ka7 74. Kb5 Kb7 75. a6+ Ka7 76. Ka5 Ka8 77. Kb6 Kb8 78. a7+ Ka8 79.
Bf3# 1-0

[Event "*** SCC Grand Prix: Titled Tuesday Blitz"]
[Site "Chess.com"]
[Date "2020.06.23"]
[Round "9"]
[White "Rskaak"]
[Black "sertalzin"]
[Result "1-0"]
[WhiteElo "1708"]
[BlackElo "1998"]
[TimeControl "180+1"]
[EndTime "11:46:50 PDT"]
[Termination "Rskaak won on time"]

1. d4 d5 2. Nf3 Nf6 3. Bg5 e6 4. Nbd2 Be7 5. e3 O-O 6. Bd3 h6 7. Bh4 b6 8. c4 Bb7 9. Qc2 Nbd7 10. b3 Rc8 11. O-O c5 12. Rac1 cxd4 13. exd4 dxc4 14.
bxc4 Nd5 15. Bxe7 Qxe7 16. Qb1 Nf4 17. Ne4 Nxd3 18. Qxd3 Nf6 19. Ng3 Rfd8 20. Rfe1 Bxf3 21. Qxf3 Rxd4 22. Ne4 Nxe4 23. Rxe4 Rxe4 24. Qxe4 Qc5 25.
h3 b5 26. Qb7 bxc4 27. Rc3 Rc7 28. Qa8+ Kh7 29. Qe4+ g6 30. Qf4 Kg7 31. Kf1 e5 32.
Qe4 Qd4 33. Qc2 e4 34. Re3 f5 35. Ke2 c3 36. f3 exf3+ 37. Kxf3 g5 38. Ke2 f4 39.
Rf3 Re7+ 40. Kf1 Qd2 41. Qxc3+ Qxc3 42. Rxc3 Kf6 43. Rc6+ Kg7 44. Ra6 Rb7 45. Kf2 Rc7 46. Kf3 Rb7 47. Kg4 Rc7 48. Kh5 Rd7 49. Rxh6 1-0